 Dungeon Crawl Stone Soup version 0.30-a0-469-g84de5afbc5 (webtiles) character file.

Game seed: 13956608418477073607

2631 Raultor the Changer (level 9, 0/62 (73) HPs)
             Began as an Octopode Transmuter on Dec 19, 2022.
             Slain by a wight
             ... wielding a +1 flail
              (6 damage)
             ... on level 6 of the Dungeon.
             The game lasted 00:12:05 (6911 turns).

Raultor the Changer (Octopode Transmuter)           Turns: 6911, Time: 00:12:06

HP:   0/62 (73)     AC:  8    Str:  9    XL:     9   Next: 61%
MP:   13/14         EV: 10    Int: 20    God:
Gold: 392           SH:  0    Dex: 12    Spells: 7/14 levels left

rFire   . . .      SeeInvis +      - Unarmed
rCold   + + .      Faith    .    (shield currently unavailable)
rNeg    . . .      Spirit   .    (helmet currently unavailable)
rPois   +          Reflect  .    (no amulet)
rElec   .          Harm     .    L - ring of flight
rCorr   .          Rampage  .    F - ring of fire
Will    .....                    v - ring of see invisible
Stlth   +.........               (no ring)
HPRegen 0.30/turn                (no ring)
MPRegen 0.14/turn                (no ring)
                                 (no ring)
                                 (no ring)

@: ice-form, flying, heavily drained
A: freezing attack, boosted hp, almost no armour, amphibious, 8 rings, large,
(camouflage 1), (gelatinous body 1), (nimble swimmer 1), (tentacles)
a: End Transformation


You were on level 6 of the Dungeon.
You were a creature of crystalline ice.
You visited 1 branch of the dungeon, and saw 7 of its levels.

You collected 392 gold pieces.


Innate Abilities, Weirdness & Mutations

You are a creature of crystalline ice.
You have a powerful freezing melee attack.
Your maximum health is increased.
Your armour is entirely melded.
You are incapable of wielding weapons or throwing items.
You cannot wear most types of armour.
You are amphibious.
You can wear up to eight rings at the same time.
((Your skin changes colour to match your surroundings (Stealth+).))
((Your rubbery body absorbs attacks. (AC +1, EV +1)))
((You are camouflaged when in or above water. (Stealth+)))
((You have tentacles for arms and can constrict up to eight enemies at once.))


   Skills:
 + Level 5.4 Fighting
 - Level 2.0 Dodging
 + Level 6.0 Unarmed Combat
 + Level 3.4 Spellcasting
 * Level 7.9 Transmutations
 - Level 6.0 Ice Magic


You had 7 spell levels left.
You knew the following spells:

 Your Spells              Type           Power      Damage    Failure   Level
b - Beastly Appendage     Tmut           70%        N/A       1%          1
c - Ice Form              Ice/Tmut       31%        N/A       8%          4
w - Wereblood             Tmut           35%        N/A       1%          2

Your spell library contained the following spells:

 Spells                   Type           Power      Damage    Failure   Level
 Spider Form              Tmut/Pois      19%        N/A       9%          3

Inventory:

Missiles
 m - a throwing net {=f}
Jewellery
 v - a ring of see invisible (on tentacle)
 C - a ring of ice
 F - a ring of fire (right front paw)
 L - a ring of flight (left front paw)
Wands
 o - a wand of paralysis (14)
 p - a wand of iceblast (15)
 r - a wand of quicksilver (2)
 s - a wand of mindburst (16)
Scrolls
 a - 3 scrolls of vulnerability {unknown}
 b - 2 scrolls of immolation {unknown}
 c - 2 scrolls of amnesia {unknown}
 g - 3 scrolls of identify {unknown}
 h - a scroll of enchant armour {unknown}
 i - 4 scrolls of teleportation {unknown}
 j - 2 scrolls of blinking {unknown}
 k - 2 scrolls of noise {unknown}
 q - a scroll of fear {unknown}
Potions
 d - 2 potions of haste {unknown}
 e - 3 potions of curing {unknown}
 f - a potion of mutation {unknown}
 l - a potion of flight {unknown}
 n - a potion of magic {unknown}
 t - 3 potions of brilliance {unknown}
 u - a potion of heal wounds {unknown}
 w - a potion of might
 x - a potion of cancellation {unknown}

Dungeon Overview and Level Annotations

Branches:
Dungeon (7/15)
 Temple: D:4-7

Altars:
Ashenzari
Dithmenos
Nemelex Xobeh
Qazlal
Sif Muna
Uskayaw
Xom

Shops:
D:2 (   D:4 (

Annotations:
D:7 Pikel

#### ...# .#.###
.....########
###..#......#
###..#.####.#
.....#....#.######
..............lzY#
##########
####[..##.#.####z#
#........# #
#....#.#.####[#
#.######.# #
#..#.#.#......# #.# #.#
####..#.#.#####..# #.#
#.# ..##..#.#.#...<..#
#.# #.#
......#.#........######.#
#.#
.....##.###.##..........#
#.#
....<#...#..[..#.######.#
#.#


You could see an iguana and 2 wights.


Message History

The wight hits you but does no damage.
You hit the wight.
The wight is moderately damaged.
The wight hits you with a +3 short sword.
The wight hits you but does no damage.
You hit the wight but do no damage.
The wight is moderately damaged.
The wight hits you with a +3 short sword.
You feel drained. The wight hits you but does no damage.
You punch the wight!
The wight is almost destroyed.
The wight hits you with a +3 short sword.
* * * LOW HITPOINT WARNING * * *
The wight barely misses you.
You barely miss the wight.
The wight is almost destroyed.
The wight hits you with a +3 short sword.
* * * LOW HITPOINT WARNING * * *
You feel drained.
* * * LOW HITPOINT WARNING * * *
The wight hits you with a +1 flail!
* * * LOW HITPOINT WARNING * * *
You feel drained.
* * * LOW HITPOINT WARNING * * *
You barely miss the wight.
The wight is almost destroyed.
The wight barely misses you. The wight hits you with a +1 flail!
* * * LOW HITPOINT WARNING * * *
You feel drained.
You die...

Skill      XL: |  1  2  3  4  5  6  7  8  9 |
---------------+----------------------------+-----
Ice Magic      | 1 2 3 4 6 |  6.0
Transmutations | 3 4 5 6 7 |  7.9
Fighting       | 2 3 4 5 |  5.4
Unarmed Combat | 4 5 6 |  6.0
Spellcasting   | 3 |  3.4
Dodging        | |  2.0

Action                   |  1- 3 |  4- 6 |  7- 9 || total
-------------------------+-------+-------+-------++-------
Melee: Unarmed           |   101 |   138 |   168 ||   407
       Constrict         |    25 |    26 |     3 ||    54
       Kick              |    14 |     8 |     1 ||    23
       Tentacles         |    19 |    29 |     4 ||    52
       Punch             |       |     3 |     2 ||     5
 Cast: Beastly Appendage |     5 |     5 |     1 ||    11
       Wereblood         |       |     2 |     5 ||     7
       Ice Form          |       |     2 |    17 ||    19
  Use: Potion            |       |     1 |     2 ||     3
 Stab: Sleeping          |    12 |     3 |     2 ||    17
       Distracted        |       |     1 |       ||     1
Armor: Skin              |    10 |    18 |    45 ||    73
Dodge: Dodged            |    56 |    59 |    71 ||   186

Levels and vault maps discovered:
D:1:      psy_arrival_dodecagon, layout_basic, corexii_leaking_fountain,
          minmay_split_cup_large
D:2:      layout_basic, serial_shops, shop, basic_altar
D:3:      layout_basic, mainiacjoe_overflow_concentric_impassable,
          overflow_temple_1_default, serial_co_window_serial,
          co_window_of_opportunity_a, co_window_corner_a, co_window_corner_a,
          co_window_paths_a, co_window_paths_a, co_window_corner_cb,
          co_window_paths_c, co_window_paths_c, co_window_broadway_c,
          co_window_corner_b, co_window_of_opportunity_b, co_window_paths_e,
          glass_columns_c, glass_columns_a, glass_columns_b, glass_columns_a,
          glass_columns_a, uniq_terence, uniq_robin
D:4:      layout_gridville, ashenzari_altar_1, nicolae_shop_firing_range
D:5:      kennysheep_windowed_halls, layout_basic, mainiacjoe_overflow_chevrons,
          nicolae_uskayaw_suspiria, serial_glass, glass_columns_a,
          glass_columns_b, uniq_grinder
D:6:      minmay_general_purpose_star, layout_basic,
          mainiacjoe_overflow_six_doors_small, uniq_maggie
D:7:      layout_rooms, minmay_temple_entry_purple_smoke,
          gammafunk_ghost_stat_death, uniq_pikel, uniq_crazy_yiuf_cottage

Notes
Turn   | Place    | Note
-------+----------+-------------------------------------------
     0 | D:1      | Raultor the Octopode Transmuter began the quest for the
                  | Orb.
     0 | D:1      | Reached XP level 1. HP: 13/13 MP: 3/3
    98 | D:1      | Reached XP level 2. HP: 10/18 MP: 3/5
   108 | D:1      | Learned a level 2 spell: Wereblood
   196 | D:1      | Reached skill level 1 in Ice Magic
   359 | D:1      | Reached XP level 3. HP: 20/23 MP: 6/6
  1304 | D:2      | Found Hiuqeotz's Weapon Shoppe.
  1373 | D:2      | Found a shadowy altar of Dithmenos.
  1451 | D:2      | Reached XP level 4. HP: 19/29 MP: 5/7
  1742 | D:3      | Found a sparkling altar of Nemelex Xobeh.
  1772 | D:3      | Found a stormy altar of Qazlal.
  1854 | D:3      | Noticed Terence
  1876 | D:3      | Killed Terence
  1877 | D:3      | Reached skill level 3 in Transmutations
  1877 | D:3      | Reached skill level 2 in Ice Magic
  1880 | D:3      | Reached skill level 2 in Fighting
  2104 | D:3      | Noticed Robin
  2128 | D:3      | Reached XP level 5. HP: 31/34 MP: 6/8
  2129 | D:3      | Killed Robin
  3018 | D:4      | Found Ugogoguree's Firing Range.
  3139 | D:4      | Learned a level 4 spell: Ice Form
  3395 | D:4      | Found a broken altar of Ashenzari.
  3846 | D:5      | Entered Level 5 of the Dungeon
  3887 | D:5      | Noticed an ogre
  3914 | D:5      | Killed an ogre
  3915 | D:5      | Reached skill level 4 in Transmutations
  3915 | D:5      | Reached skill level 3 in Ice Magic
  3915 | D:5      | Reached XP level 6. HP: 27/41 MP: 4/9
  4006 | D:5      | Found a hide-covered altar of Uskayaw.
  4092 | D:5      | Found a shimmering altar of Xom.
  4314 | D:5      | Reached skill level 4 in Unarmed Combat
  4314 | D:5      | Reached XP level 7. HP: 29/45 MP: 5/10
  4428 | D:5      | Reached skill level 3 in Fighting
  4440 | D:5      | Reached skill level 4 in Ice Magic
  4621 | D:5      | Noticed a troll
  4631 | D:5      | Killed a troll
  4632 | D:5      | Reached skill level 5 in Transmutations
  4699 | D:5      | Reached XP level 8. HP: 50/52 MP: 11/11
  4716 | D:5      | Reached skill level 5 in Ice Magic
  4820 | D:5      | Reached skill level 4 in Fighting
  5035 | D:5      | Noticed Grinder
  5040 | D:5      | Paralysed by Grinder for 5 turns
  5059 | D:5      | Reached skill level 6 in Transmutations
  5066 | D:5      | Killed Grinder
  5067 | D:5      | Reached skill level 5 in Unarmed Combat
  5067 | D:5      | Reached skill level 6 in Ice Magic
  5423 | D:6      | Found a shimmering blue altar of Sif Muna.
  5527 | D:6      | Noticed Maggie
  5537 | D:6      | HP: 1/64 [Maggie/bolt of fire (14)]
  5538 | D:6      | Killed Maggie
  5539 | D:6      | Reached XP level 9. HP: 2/59 MP: 8/12
  5837 | D:6      | Reached skill level 7 in Transmutations
  6013 | D:6      | Reached skill level 5 in Fighting
  6013 | D:6      | Reached skill level 3 in Spellcasting
  6625 | D:6      | Reached skill level 6 in Unarmed Combat
  6786 | D:7      | Identified a +0 robe of resistance
  6786 | D:7      | Noticed Pikel
  6911 | D:6      | HP: 6/66 [wight/+1 flail (13)]
  6911 | D:6      | Slain by a wight

Vanquished Creatures
  Maggie (D:6)
  A troll (D:5)
  Grinder (D:5)
  A wyvern (D:6)
  A black bear (D:5)
  A sky beast (D:6)
  An ice beast (D:6)
  5 ogres
  3 phantoms
  2 lemures (D:6)
  A kobold brigand (D:6)
  2 bullfrogs (D:6)
  A scorpion (D:5)
  A wight (D:6)
  A howler monkey (D:5)
  2 jellies
  3 hounds
  2 iguanas (D:5)
  Terence (D:3)
  3 orc wizards
  Robin (D:3)
  A gnoll (D:5)
  5 adders
  A shadow imp (D:6)
  A white imp (D:5)
  An ufetubus (D:4)
  A worm (D:3)
  5 dart slugs
  20 orcs
  6 bats
  7 endoplasms
  16 goblins
  15 hobgoblins
  12 jackals
  7 kobolds
  4 quokkas
  3 training dummies (D:4)
  A frilled lizard (D:1)
  7 rats
148 creatures vanquished.

Table legend: (Time is in decaauts)
 A = Elapsed time spent in this place.
 B = Non-inter-level travel time spent in this place.
 C = Inter-level travel time spent in this place.
 D = Time resting spent in this place.
 E = Time spent auto-exploring this place.
 F = Levels seen in this place.
 G = Mean time per level.
                   A        B        C        D        E       F      G
               +--------+--------+--------+--------+--------+-----+--------+
         Total |   6877 |   6557 |    320 |    235 |   5234 |   7 |  982.4 |
       Dungeon |   6877 |   6557 |    320 |    235 |   5234 |   7 |  982.4 |
               +--------+--------+--------+--------+--------+-----+--------+

Top non-repeatable levels by time:
     D:5: 1548 daAuts
     D:6: 1473 daAuts
     D:3: 1186 daAuts
     D:4: 927 daAuts
     D:1: 901 daAuts
     D:2: 814 daAuts
     D:7: 25 daAuts

Table legend:
 A = Non-vault XP
 B = Vault XP
 C = Vault XP percentage of total XP
 D = Non-vault monster count
 E = Vault monster count
 F = Vault count percentage of total count
                 A         B        C        D         E       F
            +---------+---------+-------+---------+---------+-------
      Total |    1663 |    2096 |  55.8 |     101 |      45 |  30.8
            +---------+---------+-------+---------+---------+-------
        D:1 |      54 |       6 |  10.0 |      31 |       4 |  11.4
        D:2 |      22 |       0 |   0.0 |       7 |       0 |   0.0
        D:3 |      46 |      70 |  60.3 |      15 |      12 |  44.4
        D:4 |      94 |       6 |   6.0 |      17 |       3 |  15.0
        D:5 |     435 |    1397 |  76.3 |      20 |      21 |  51.2
        D:6 |    1009 |     617 |  37.9 |      10 |       5 |  33.3
        D:7 |       3 |       0 |   0.0 |       1 |       0 |   0.0
            +---------+---------+-------+---------+---------+-------
